 Dungeon Crawl Stone Soup version 0.29-a0-319-gad05b8d819 (webtiles) character file.

Game seed: 16975983890225471342

17 GigaChad the Skirmisher (level 2, -1/24 HPs)
             Began as a Demonspawn Abyssal Knight on Apr 1, 2022.
             Was a Believer of Lugonu.
             Frozen to death by an endoplasm (2 damage)
             ... on level 1 of the Dungeon.
             The game lasted 00:01:41 (246 turns).

GigaChad the Skirmisher (Demonspawn Abyssal Knight)  Turns: 246, Time: 00:01:41

Health: -1/24      AC:  3    Str: 13    XL:     2   Next: 44%
Magic:  3/3        EV: 11    Int: 11    God:    Lugonu [**....]
Gold:   0          SH:  0    Dex: 13    Spells: 1/1 levels left

rFire   . . .      SeeInvis .   a - +1 falchion
rCold   . . .      Faith    .   (no shield)
rNeg    . . .      Spirit   .   b - +0 leather armour
rPois   .          Reflect  .   (no helmet)
rElec   .          Harm     .   (no cloak)
rCorr   .          Rampage  .   (no gloves)
Will    .....                   (no boots)
Stlth   +.........              (no amulet)
HPRegen 0.08/turn               (no ring)
MPRegen 0.08/turn               (no ring)

@: no status effects
A: demonic touch 1
a: Renounce Religion, Depart the Abyss, Bend Space


You were on level 1 of the Dungeon.
You worshipped Lugonu.
Lugonu was pleased with you.
You visited 1 branch of the dungeon, and saw 1 of its levels.
You visited the Abyss 1 time.

Inventory:

Hand Weapons
 a - a +1 falchion (weapon)
 e - a +0 short sword
Armour
 b - a +0 leather armour (worn)
Scrolls
 c - 2 scrolls of blinking
 d - a scroll of fear {unknown}


   Skills:
 + Level 3.4 Fighting
 + Level 1.8 Long Blades
 + Level 2.1 Armour
 + Level 1.2 Dodging
 + Level 2.4 Invocations


You had one spell level left.
You didn't know any spells.
Your spell library was empty.

Dungeon Overview and Level Annotations

Branches:
Dungeon (1/15)

Altars:


Innate Abilities, Weirdness & Mutations

Your touch may inflict minor irresistible damage on your foes.


Message History

The giant cockroach waves its antennae.
The giant cockroach misses you.
You hit the giant cockroach.
You kill the giant cockroach!
Lugonu accepts your kill.
You closely miss the kobold. Your touch misses the kobold.
The kobold hits you with a +0 short sword.
* * * LOW HITPOINT WARNING * * *
The kobold hits you but does no damage.
You hit the kobold.
You kill the kobold!
Lugonu accepts your kill.
Items here: )) †††.
Items here: )) †††.
Items here: )) †††.
e - a +0 short sword A goblin comes into view.
It is wielding a +0 dagger.
Found a stone staircase leading down.
You see here a +0 club.
Found a book of the Wilderness.
The goblin hits you but does no damage.
You closely miss the goblin.
The endoplasm quivers.
Your touch misses the goblin. The goblin barely misses you.
You hit the goblin but do no damage. Your touch misses the goblin.
The goblin barely misses you.
You barely miss the goblin. The endoplasm closely misses you.
The goblin hits you but does no damage.
You slash the goblin!
You kill the goblin!
Lugonu accepts your kill. The endoplasm freezes you.
You are frozen.
* * * LOW HITPOINT WARNING * * *
The endoplasm freezes you.
You are frozen.
* * * LOW HITPOINT WARNING * * *
The endoplasm freezes you.
You are frozen.
You die...

#.#
##...##......
#.# ###......(..
. #.# ###.#.....
..## #.# ##
#.#.....
....###.# ##...
..###.##
.>......##....#
#### #.#
.......).#.:..#
#.#
.......)......##
#.#
........@J.....#
#..
................
.#.
..............##
....
..............#
....
.........#....#
###.
.......>.#....#
#.
#######........#
#. #.....>..#
####. ..## #....


You could see an endoplasm.

Vanquished Creatures
  3 ball pythons (D:1)
  2 bats (D:1)
  3 giant cockroaches (D:1)
  2 goblins (D:1)
  A jackal (D:1)
  A quokka (D:1)
  3 kobolds (D:1)
15 creatures vanquished.

Notes
Turn   | Place    | Note
-------+----------+-------------------------------------------
     0 | Abyss:1  | GigaChad the Demonspawn Abyssal Knight began the quest for
                  | the Orb.
     0 | Abyss:1  | Reached XP level 1. HP: 18/18 MP: 2/2
     0 | D:1      | Escaped the Abyss
    58 | D:1      | Reached ** piety under Lugonu
   187 | D:1      | Reached skill level 1 in Dodging
   190 | D:1      | Gained mutation: Your touch may inflict minor irresistible
                  | damage on your foes. [demonic ancestry]
   190 | D:1      | Reached XP level 2. HP: 14/24 MP: 3/3
   245 | D:1      | HP: 1/24 [frozen (4)]
   246 | D:1      | Frozen to death by an endoplasm

Illustrated notes

Levels and vault maps discovered:
D:1:      wander_arrival_chamber, layout_rooms

Skill      XL: |  1 |
---------------+----+-----
Armour         | 2 |  2.1
Dodging        | 1 |  1.2
Fighting       | |  3.4
Long Blades    | |  1.8
Invocations    | |  2.4

Action                   || total
-------------------------++-------
Melee: Falchion          ||    37
       Touch             ||     1
Invok: Depart the Abyss  ||     1
  Use: Scroll            ||     1
Armor: Leather armour    ||    19
Dodge: Dodged            ||    43

Table legend: (Time is in decaauts)
 A = Elapsed time spent in this place.
 B = Non-inter-level travel time spent in this place.
 C = Inter-level travel time spent in this place.
 D = Time resting spent in this place.
 E = Time spent auto-exploring this place.
 F = Levels seen in this place.
 G = Mean time per level.
                   A        B        C        D        E       F      G
               +--------+--------+--------+--------+--------+-----+--------+
         Total |    253 |    253 |      0 |      0 |      0 |   2 |  126.5 |
       Dungeon |    253 |    253 |      0 |      0 |      0 |   1 |  253.0 |
         Abyss |      0 |      0 |      0 |      0 |      0 |   1 |    0.0 |
               +--------+--------+--------+--------+--------+-----+--------+

Top non-repeatable levels by time:
     D:1: 253 daAuts
